 Dungeon Crawl Stone Soup version 0.27-a0-59-gfbafd837a3 (webtiles) character file.

Game seed: 13926589657727997636

221287 Borgoz the Warrior (level 19, -7/172 HPs)
             Began as a Hill Orc Gladiator on Jan 7, 2021.
             Was the Champion of Ashenzari.
             Blown up by an orb spider (31 damage)
             ... with a wavering orb of destruction
             ... on level 4 of the Spider Nest on Jan 8, 2021.
             The game lasted 01:18:58 (34598 turns).

Borgoz the Warrior (Hill Orc Gladiator)            Turns: 34598, Time: 01:18:58

Health: -7/172     AC: 24    Str: 21    XL:     19   Next: 20%
Magic:  28/28      EV:  9    Int:  8    God:    Ashenzari [******]
Gold:   3406       SH:  0    Dex: 22    Spells: 27/30 levels left

rFire    + + .     SeeInvis +   a - +7 pair of quick blades "Gyre" and "Gimble" {protect} (curse)
rCold    + . .     Faith    .   (shield currently unavailable)
rNeg     . . .     Spirit   .   D - +2 plate armour {rF+}
rPois    +         Reflect  .   n - +1 hat
rElec    .         Harm     .   L - scarf {rC+ rF+}
rCorr    .         Rampage  .   g - +0 pair of gloves
Will     +....     Clarity  +   E - +2 pair of boots {Fly}
Stlth    ..........             G - amulet of regeneration
HPRegen  0.78/turn              c - ring of poison resistance
MPRegen  0.21/turn              t - +6 ring of dexterity

@: lethally poisoned (-7 -> -7), flying, held
A: no striking features
}: 1/15 runes: decaying
a: Stop Flying, Renounce Religion, Curse Item, Scrying, Transfer Knowledge


You were on level 4 of the Spider Nest.
You worshipped Ashenzari.
Ashenzari was exalted by your worship.
You visited 6 branches of the dungeon, and saw 32 of its levels.
You also visited: Gauntlet.

You collected 3801 gold pieces.
You spent 395 gold pieces at shops.

Inventory:

Hand Weapons
 a - the cursed +7 pair of quick blades "Gyre" and "Gimble" (weapon) {protect}
   (You found it on level 7 of the Dungeon)

   It grants its wielder temporary protection when it strikes (+7 to AC).
   It has a curse placed upon it.
Missiles
 d - 4 throwing nets (quivered)
Armour
 g - a +0 pair of gloves (worn)
 n - a +1 hat (worn)
 D - a +2 plate armour of fire resistance (worn)
 E - a +2 pair of boots of flying (worn)
 L - a scarf of resistance (worn)
Jewellery
 c - a ring of poison resistance (left hand)
 k - an uncursed ring of willpower
 q - an uncursed amulet of guardian spirit
 t - a +6 ring of dexterity (right hand)
 x - a +6 ring of strength
 z - an uncursed ring of protection from cold
 G - an amulet of regeneration (around neck)
 M - an uncursed ring of protection from fire
 P - an uncursed ring of resist corrosion
Wands
 e - a wand of paralysis (28)
 v - a wand of polymorph (13)
 y - a wand of flame (173)
 B - a wand of acid (51)
 H - a wand of digging (11)
 K - a wand of iceblast (51)
 S - a wand of disintegration (15)
Scrolls
 f - a scroll of holy word
 m - a scroll of magic mapping
 o - 7 scrolls of fog
 p - 10 scrolls of identify
 u - 10 scrolls of teleportation
 w - 18 scrolls of remove curse
 I - 4 scrolls of blinking
 J - 2 scrolls of fear
 O - 2 scrolls of summoning
Potions
 b - a potion of magic
 h - 7 potions of heal wounds
 i - 15 potions of curing
 j - 8 potions of haste
 l - a potion of berserk rage
 r - a potion of cancellation
 s - 3 potions of might
 C - 2 potions of ambrosia
 Q - 3 potions of resistance


   Skills:
 + Level 16.1 Fighting
 + Level 15.0(20.4) Short Blades
 - Level 6.3(12.3) Long Blades
 - Level 3.4 Throwing
 + Level 14.4 Armour
 * Level 16.0 Dodging
 - Level 5.0 Stealth
 + Level 6.3 Spellcasting
 + Level 7.1 Hexes
 - Level 5.0 Evocations


You had 27 spell levels left.
You knew the following spells:

 Your Spells              Type           Power        Failure   Level
a - Confusing Touch       Hex            13%          36%         3

Your spell library contained the following spells:

 Spells                   Type           Power        Failure   Level
 Corona                   Hex            14%          13%         1
 Slow                     Hex            13%          21%         2
 Tukima's Dance           Hex            13%          36%         3
 Ensorcelled Hibernation  Hex/Ice        16%          65%         2
 Dazzling Flash           Conj/Hex       16%          86%         3
 Inner Flame              Hex/Fire       8%           86%         3
 Summon Guardian Golem    Hex/Summ       8%           86%         3
 Animate Skeleton         Necr           4%           94%         1
 Apportation              Tloc           4%           94%         1
 Foxfire                  Conj/Fire      8%           94%         1
 Freeze                   Ice            8%           94%         1
 Magic Dart               Conj           8%           94%         1
 Sandblast                Erth           4%           94%         1
 Shock                    Conj/Air       8%           94%         1
 Sting                    Tmut/Pois      8%           94%         1
 Summon Small Mammal      Summ           8%           94%         1
 Blink                    Tloc           N/A          98%         2
 Call Imp                 Summ           2%           98%         2
 Corpse Rot               Necr/Air       N/A          98%         2
 Passwall                 Tmut/Erth      1%           98%         2
 Searing Ray              Conj           4%           98%         2
 Swiftness                Air            2%           98%         2
 Wereblood                Tmut           2%           98%         2
 Fulminant Prism          Conj/Hex       4%           99%         4
 Call Canine Familiar     Summ           2%           100%        3
 Conjure Flame            Conj/Fire      2%           100%        3
 Frozen Ramparts          Ice            4%           100%        3
 Gell's Gravitas          Tloc           1%           100%        3
 Mephitic Cloud           Conj/Pois/Air  2%           100%        3
 Ozocubu's Armour         Ice            2%           100%        3
 Static Discharge         Conj/Air       2%           100%        3
 Stone Arrow              Conj/Erth      4%           100%        3
 Airstrike                Air            1%           100%        4
 Hailstorm                Conj/Ice       2%           100%        4
 Iskenderun's Mystic Bla  Conj/Tloc      2%           100%        4
 Petrify                  Tmut/Erth      2%           100%        4
 Sticky Flame             Conj/Fire      2%           100%        4
 Summon Ice Beast         Ice/Summ       2%           100%        4
 Summon Lightning Spire   Summ/Air       2%           100%        4
 Fireball                 Conj/Fire      1%           100%        5
 Irradiate                Conj/Tmut      1%           100%        5
 Lee's Rapid Deconstruct  Erth           1%           100%        5
 Lightning Bolt           Conj/Air       1%           100%        5
 Metabolic Englaciation   Hex/Ice        4%           100%        5
 Summon Demon             Summ           1%           100%        5
 Summon Forest            Summ/Tloc      1%           100%        5
 Summon Mana Viper        Hex/Summ       8%           100%        5
 Yara's Violent Unravell  Hex/Tmut       4%           100%        5
 Death Channel            Necr           1%           100%        6
 Hydra Form               Tmut           1%           100%        6
 Shadow Creatures         Summ           N/A          100%        6
 Statue Form              Tmut/Erth      1%           100%        6
 Dragon Form              Tmut           1%           100%        7
 Malign Gateway           Summ/Tloc      1%           100%        7
 Monstrous Menagerie      Summ           1%           100%        7
 Summon Greater Demon     Summ           1%           100%        7
 Summon Hydra             Summ           1%           100%        7
 Summon Horrible Things   Summ           1%           100%        8
 Dragon's Call            Summ           1%           100%        9


Dungeon Overview and Level Annotations

Branches:
Dungeon (15/15)            Temple (1/1) D:6            Lair (6/6) D:11
  Swamp (4/4) Lair:2       Spider (4/4) Lair:2        Slime (0/5) Lair:5
    Orc (2/2) D:11            Elf (0/3) Orc:2        Vaults (0/5) D:14
 Depths (0/5) D:15        Gauntlet (visited)

Altars:
Ashenzari
Cheibriados
Dithmenos
Elyvilon
Fedhas
Gozag
Hepliaklqana
Kikubaaqudgha
Makhleb
Nemelex Xobeh
Okawaru
Ru
Sif Muna
Trog
Uskayaw
Vehumet
Wu Jian
Xom
Yredelemnul
Zin
The Shining One
Beogh
Jiyva

Shops:
D:7 *   Orc:2 *??:

Portals:
Trove: D:12 (give +2 gold dragon scales)

Annotations:
Lair:6 1 transporter, Tungsten's ghost, journeyman DEEE


Message History

You hit the orb spider. x2
The orb spider pulsates with a strange energy.
The wavering orb of destruction hits you!
* * * LOW HITPOINT WARNING * * *
You puncture the orb spider! You barely miss the orb spider.
You are caught in the web!
There is a web here.
You disentangle yourself.
You feel sick.
The orb spider weaves a glowing orb of energy.
An orb of destruction comes into view.
You are caught in the web!
The wavering orb of destruction hits you!!
* * * LOW HITPOINT WARNING * * *
There is a web here.
You disentangle yourself.
The orb spider weaves a glowing orb of energy.
An orb of destruction comes into view.
You are caught in the web!
You feel sick.
The wavering orb of destruction hits you!!
You die...

##..###^#..# #####.....#
##.......# ##...##..^#
#### #.....##### #####..#
####^....# ##.#....##
##^...#...#
####...^....###^°†..#..##
........#......☼@#.....#
.............^s.s#....##
.........##############
#...†..### ##.††s##
##^†## #....# * #^.#≈#
*** ##.?## ** , *,,,


You could see 2 orb spiders.

Vanquished Creatures
  Nikola (Swamp:3)
  A bone dragon (Swamp:4)
  Jorgrun (D:13)
  Kirke (Spider:4)
  Donald (Swamp:3)
  A shadow dragon (shapeshifter) (D:14)
  2 frost giants (D:14)
  A fenstrider witch (Swamp:4)
  A ghost moth (Spider:3)
  3 emperor scorpions
  A stone giant (Orc:1)
  Nessos (D:12)
  A bunyip (Swamp:2)
  A minotaur (Gauntlet)
  2 dire elephants
  A deep elf annihilator (D:10)
  The ghost of Zam Nuan the Blocker, a journeyman GnFi of Qazlal (D:15)
  An entropy weaver (Spider:1)
  A spark wasp (Spider:4)
  2 ettins
  3 eleionomae
  Snorg (Lair:5)
  2 fire dragons
  A shambling mangrove (Swamp:4)
  2 ogre magi (Orc:2)
  5 vault guards
  Josephine (D:10)
  The ghost of Borgoz the Fighter, a journeyman GrGl of Ashenzari (D:12)
  Fannar (D:11)
  7 boulder beetles
  3 ghost crabs (Swamp:4)
  A merfolk avatar (Lair:6)
  10 hydras
  7 centaur warriors
  3 catoblepae
  12 two-headed ogres
  2 tengu warriors (D:15)
  8 alligators
  10 death yaks
  A deep troll earth mage (D:14)
  An orc high priest (D:13)
  A fire crab (D:14)
  2 sixfirhies (Gauntlet)
  4 unseen horrors
  7 goliath frogs
  A sea snake (Lair:6)
  8 skeletal warriors
  An iron troll (Orc:2)
  An unseen horror (shapeshifter) (D:15)
  4 swamp dragons
  2 spriggan druids
  A deep troll (Orc:2)
  A lindwurm (Lair:6)
  6 bog bodies
  6 orc knights
  The ghost of jaime the Cudgeller, a novice MiGl (D:4)
  2 phantasmal warriors (Swamp:4)
  A deep elf archer (D:14)
  A harpy (Lair:6)
  An orb spider (shapeshifter) (D:15)
  12 orb spiders
  A deep elf mage (D:13)
  2 ugly things (D:15)
  An oklob plant (Swamp:4)
  6 orc sorcerers
  20 wolf spiders
  A manticore (shapeshifter) (D:14)
  3 moths of wrath
  8 cyclopes
  6 will-o-the-wisps
  4 manticores
  6 black mambas
  Maurice (D:11)
  30 elephants
  7 cane toads
  A torpor snail (Lair:6)
  An efreet (D:14)
  8 komodo dragons
  14 rime drakes
  A komodo dragon (shapeshifter) (D:14)
  4 swamp worm zombies (Swamp:4)
  9 yaktaurs (D:15)
  13 demonic crawlers
  2 kobold demonologists (D:13)
  A freezing wraith (D:14)
  17 trolls
  6 hydra zombies (Swamp:4)
  A wolf spider simulacrum (D:15)
  3 meliai (Gauntlet)
  23 jumping spiders
  31 hornets
  6 polar bears
  Grinder (D:5)
  5 spectral swamp dragons (Swamp:4)
  3 alligator zombies (Swamp:4)
  A dream sheep (Lair:2)
  6 tyrant leeches
  14 blink frogs (Lair:6)
  8 slime creatures (D:15)
  7 spriggans
  50 redbacks
  18 tarantellas
  10 wyverns
  55 yaks
  6 wraiths
  5 hogs (Spider:3)
  2 humans (shapeshifter) (D:15)
  4 basilisks
  9 vampire mosquitoes
  9 steam dragons (Lair:4)
  4 wargs
  An acid dragon (D:15)
  18 swamp worms
  A floating eye (shapeshifter) (D:15)
  20 water moccasins
  6 ice beasts
  A swamp drake (Lair:2)
  7 sky beasts
  23 orc warriors
  10 phantoms
  6 black bears
  An eye of draining (D:13)
  2 necrophages (D:9)
  22 ogres
  A swamp dragon zombie (Swamp:4)
  9 wolves (Lair:2)
  5 boggarts (D:15)
  12 centaurs
  19 bullfrogs
  5 big kobolds
  A gnoll sergeant (D:4)
  A wyvern zombie (D:15)
  2 wyvern skeletons
  3 scorpions
  6 killer bees (D:10)
  4 wights (D:9)
  6 howler monkeys
  2 electric eels
  2 bullfrog zombies
  3 jellies
  A quasit (D:9)
  8 centaur skeletons
  5 hounds
  11 orc priests
  17 orc wizards
  6 bullfrog skeletons
  7 iguanas
  2 spectral swamp drakes (Swamp:4)
  12 hell rats
  8 worker ants
  A bullfrog simulacrum (D:8)
  A hound zombie (D:5)
  2 hound skeletons
  A howler monkey zombie (D:9)
  4 gnolls (D:5)
  A howler monkey skeleton (D:7)
  A swamp drake zombie (Swamp:4)
  9 adders
  2 shadow imps
  4 white imps
  2 ufetubi
  2 oozes
  3 adder skeletons (D:7)
  6 worms
  3 dart slugs
  5 leopard geckos
  68 orcs
  2 ball pythons (D:1)
  2 giant cockroaches
  7 goblins
  9 hobgoblins
  12 jackals
  4 quokkas
  10 bats
  5 frilled lizards
  20 kobolds
  4 rats
1090 creatures vanquished.

Vanquished Creatures (others)
  A bog body (Swamp:3)
  4 will-o-the-wisps (Swamp:4)
  A tyrant leech (Swamp:1)
  2 bloated husks (Swamp:1)
  2 spriggans (Swamp:1)
  An orc warrior (Orc:1)
  A centaur (D:14)
  26 foxfires
  74 fungi
  105 plants
  9 toadstools (Lair:2)
226 creatures vanquished.

Grand Total: 1316 creatures vanquished

Notes
Turn   | Place    | Note
-------+----------+-------------------------------------------
     0 | D:1      | Borgoz the Hill Orc Gladiator began the quest for the Orb.
     0 | D:1      | Reached XP level 1. HP: 18/18 MP: 1/1
    96 | D:1      | Reached XP level 2. HP: 25/25 MP: 2/2
   492 | D:1      | Reached XP level 3. HP: 30/30 MP: 3/3
  1355 | D:2      | Reached XP level 4. HP: 36/38 MP: 4/4
  1413 | D:2      | Found a bloodstained altar of Trog.
  1414 | D:2      | Found a hazy altar of Hepliaklqana.
  1485 | D:2      | Found an opulent altar of Gozag.
  2298 | D:3      | Reached XP level 5. HP: 40/45 MP: 5/5
  2340 | D:3      | You fall into a shaft and drop 1 floor!
  2357 | D:4      | Found a transporter.
  2402 | D:3      | Found a shimmering blue altar of Sif Muna.
  2556 | D:4      | Noticed an ogre
  2565 | D:4      | Killed an ogre
  2621 | D:4      | Found a transporter.
  2621 | D:4      | Noticed jaime's ghost (novice MiGl)
  2646 | D:4      | Reached XP level 6. HP: 33/52 MP: 6/6
  3201 | D:5      | Entered Level 5 of the Dungeon
  3248 | D:5      | Noticed a sky beast
  3260 | D:5      | Killed a sky beast
  3343 | D:5      | Reached skill level 5 in Long Blades
  3343 | D:5      | Reached XP level 7. HP: 60/60 MP: 7/7
  3872 | D:5      | Noticed Grinder
  3873 | D:5      | Paralysed by Grinder for 3 turns
  3892 | D:5      | Killed Grinder
  3893 | D:5      | Reached skill level 5 in Fighting
  3893 | D:5      | Reached skill level 1 in Armour
  3893 | D:5      | Reached skill level 1 in Stealth
  4340 | D:6      | Found a shadowy altar of Dithmenos.
  4433 | D:6      | Found a staircase to the Ecumenical Temple.
  4450 | Temple   | Entered the Ecumenical Temple
  4559 | Temple   | Became a worshipper of Ashenzari the Shackled
  4647 | D:6      | Reached XP level 8. HP: 68/68 MP: 8/8
  5050 | D:7      | Learned a level 3 spell: Confusing Touch
  5245 | D:7      | Found Qyequgh's Assorted Antiques.
  5317 | D:7      | Found the +7 pair of quick blades "Gyre" and "Gimble"
                  | {protect}
  5454 | D:7      | Found a white marble altar of Elyvilon.
  5472 | D:7      | Reached skill level 1 in Short Blades
  5472 | D:7      | Reached skill level 5 in Dodging
  6031 | D:7      | Reached XP level 9. HP: 59/75 MP: 9/9
  6102 | D:7      | Bought a scroll labelled FATEFUMIAD for 19 gold pieces
  6102 | D:7      | Bought a scroll labelled LEBREJAFUA for 19 gold pieces
  6102 | D:7      | Bought a fuming silvery potion for 17 gold pieces
  6284 | D:4      | Killed jaime's ghost
  6489 | D:8      | Noticed a polar bear
  6493 | D:8      | Noticed a polar bear
  6503 | D:8      | Killed a polar bear
  6515 | D:8      | Killed a polar bear
  6516 | D:8      | Reached skill level 5 in Short Blades
  6763 | D:8      | Reached * piety under Ashenzari
  6856 | D:8      | Reached XP level 10. HP: 86/86 MP: 10/10
  6860 | D:8      | Reached skill level 5 in Armour
  7575 | D:9      | Noticed a two-headed ogre
  7584 | D:9      | Killed a two-headed ogre
  7699 | D:9      | Found an ornate altar of the Wu Jian Council.
  8460 | D:10     | Entered Level 10 of the Dungeon
  8483 | D:10     | Noticed a deep elf annihilator
  8490 | D:10     | Noticed an orc sorcerer
  8677 | D:10     | Killed an unseen horror
  8678 | D:10     | Reached XP level 11. HP: 91/95 MP: 11/11
  8693 | D:10     | Noticed a two-headed ogre
  8702 | D:10     | Killed a two-headed ogre
  8703 | D:10     | Reached skill level 1 in Hexes
  8703 | D:10     | Reached skill level 1 in Evocations
  8786 | D:10     | Killed a deep elf annihilator
  8787 | D:10     | Reached skill level 1 in Spellcasting
  8873 | D:10     | Killed an orc sorcerer
  9007 | D:10     | Identified the Almanac of Ghastly Transmutation
  9217 | D:10     | Noticed Josephine
  9238 | D:10     | Killed Josephine
  9429 | D:11     | Noticed a cyclops
  9442 | D:11     | Killed a cyclops
  9575 | D:11     | Noticed Fannar
  9799 | D:11     | Killed Fannar
  9876 | D:11     | Noticed a boulder beetle
  9886 | D:11     | Killed a boulder beetle
  9993 | D:11     | Found a sacrificial altar of Ru.
 10004 | D:11     | Noticed a cyclops
 10012 | D:11     | Killed a cyclops
 10013 | D:11     | Reached XP level 12. HP: 104/104 MP: 15/15
 10027 | D:11     | Noticed Maurice
 10054 | D:11     | Killed Maurice
 10079 | D:11     | Found a staircase to the Lair.
 10177 | D:11     | Found a staircase to the Orcish Mines.
 10308 | D:11     | Reached ** piety under Ashenzari
 10382 | D:12     | Noticed Nessos
 10408 | D:12     | Killed Nessos
 10477 | D:12     | Noticed a boulder beetle
 10499 | D:12     | Killed a boulder beetle
 10548 | D:12     | Identified the +5 rapier of Ceurol {flame, Dex+4 SInv}
 10621 | D:12     | Noticed Borgoz's ghost (journeyman GrGl)
 10643 | D:12     | Found a runed translucent door.
 10801 | D:12     | Noticed a vault guard
 10817 | D:12     | Killed a vault guard
 10821 | D:12     | Found a portal to a secret trove of treasure.
 10844 | D:12     | Found a shimmering altar of Xom.
 11291 | D:13     | Noticed Jorgrun
 11321 | D:13     | Killed Jorgrun
 11327 | D:13     | Reached XP level 13. HP: 45/113 MP: 2/17
 11499 | D:13     | Reached skill level 10 in Fighting
 11499 | D:13     | Reached skill level 10 in Short Blades
 11596 | D:13     | Reached *** piety under Ashenzari
 11813 | D:13     | Reached skill level 10 in Dodging
 12119 | D:14     | Found a gate leading to a gauntlet.
 12128 | Gauntlet | Entered a Gauntlet
 12128 | Gauntlet | Found a transporter.
 12137 | Gauntlet | Found a transporter.
 12141 | Gauntlet | Found a transporter.
 12142 | Gauntlet | Found a transporter.
 12142 | Gauntlet | Found a transporter.
 12143 | Gauntlet | Found a transporter.
 12151 | Gauntlet | Found a transporter.
 12152 | Gauntlet | Found a transporter.
 12153 | Gauntlet | Found the +5 robe of Night {Dark Will+ SInv}
 12179 | Gauntlet | Found a transporter.
 12179 | Gauntlet | Found a transporter.
 12187 | Gauntlet | Found a transporter.
 12209 | Gauntlet | Noticed an entropy weaver
 12225 | Gauntlet | Found a transporter.
 12267 | Gauntlet | Noticed an ettin
 12400 | Gauntlet | Noticed a minotaur
 12414 | Gauntlet | Killed a minotaur
 12415 | Gauntlet | Reached skill level 5 in Stealth
 12415 | Gauntlet | Reached skill level 5 in Hexes
 12420 | Gauntlet | Identified the Reference Book on Toxins and Creation
 12483 | D:14     | Reached skill level 5 in Evocations
 12809 | Lair:1   | Entered Level 1 of the Lair of Beasts
 13546 | Lair:2   | Reached **** piety under Ashenzari
 13654 | Lair:2   | Reached XP level 14. HP: 122/122 MP: 20/20
 13914 | Lair:2   | Found a hole to the Spider Nest.
 14171 | Lair:2   | Found a staircase to the Swamp.
 14259 | Lair:2   | Noticed a dire elephant
 14282 | Lair:2   | Found a runed translucent door.
 14697 | Lair:2   | Killed a dire elephant
 15528 | Lair:3   | Reached skill level 5 in Spellcasting
 15823 | Lair:3   | Reached ***** piety under Ashenzari
 16746 | Lair:4   | Reached skill level 10 in Armour
 17288 | Lair:4   | Reached XP level 15. HP: 108/132 MP: 22/22
 17770 | Lair:5   | Noticed Snorg
 17803 | Lair:5   | Killed Snorg
 17969 | Lair:5   | Found a viscous altar of Jiyva.
 17969 | Lair:5   | Found a staircase to the Slime Pits.
 18489 | Lair:6   | Entered Level 6 of the Lair of Beasts
 18753 | Lair:6   | Paralysed by a hornet for 2 turns
 19526 | Lair:6   | Found a transporter.
 19530 | Lair:6   | Found a transporter.
 19530 | Lair:6   | Identified the +5 trident "Iling" {flame, +Rage rElec
                  | Dex+5}
 19534 | Lair:6   | Found a bloodstained altar of Trog.
 19534 | Lair:6   | Noticed Tungsten's ghost (journeyman DEEE)
 19542 | Lair:6   | Identified the +12 trident of Jexig {flame, Int+5}
 20043 | Lair:6   | HP: 6/134 [spriggan rider/the +12 trident of Jexig {flame,
                  | Int+5} (12)]
 20370 | D:12     | Killed Borgoz's ghost
 20449 | D:14     | Found a gate to the Vaults.
 20516 | D:14     | Reached XP level 16. HP: 116/143 MP: 23/23
 20870 | D:14     | Identified the +7 short sword of Irritation {drain, rC+++
                  | Will+ Str+3 Int-5}
 20894 | D:14     | Noticed an iron giant
 20898 | D:14     | Noticed an acid blob
 20898 | D:14     | an iron giant changed into an acid blob
 20902 | D:14     | Noticed a golden dragon
 20902 | D:14     | an acid blob changed into a golden dragon
 20905 | D:14     | Noticed a shadow dragon
 20905 | D:14     | a golden dragon changed into a shadow dragon
 20908 | D:14     | a shadow dragon changed into a frost giant
 20915 | D:14     | Noticed a shadow dragon
 20915 | D:14     | a frost giant changed into a shadow dragon
 20927 | D:14     | Killed a shadow dragon
 21911 | D:15     | Entered Level 15 of the Dungeon
 21922 | D:15     | Found a runed translucent gate.
 21922 | D:15     | Noticed Zam Nuan's ghost (journeyman GnFi)
 21923 | D:15     | Identified the +10 long sword "Jaomiene" {vorpal, +Blink}
 21923 | D:15     | Found a runed translucent gate.
 21923 | D:15     | Found a runed translucent gate.
 22549 | D:15     | Reached ****** piety under Ashenzari
 23009 | D:15     | Found a staircase to the Depths.
 23179 | D:15     | Killed Zam Nuan's ghost
 23334 | Orc:1    | Entered Level 1 of the Orcish Mines
 23337 | Orc:1    | Found a transporter.
 23337 | Orc:1    | Found a transporter.
 23623 | Orc:1    | Found a roughly hewn altar of Beogh.
 23842 | Orc:2    | Entered Level 2 of the Orcish Mines
 23842 | Orc:2    | Found a roughly hewn altar of Beogh.
 23980 | Orc:2    | Found a staircase to the Elven Halls.
 24084 | Orc:2    | Found Daxyr's Magic Scroll Boutique.
 24093 | Orc:2    | Reached XP level 17. HP: 148/152 MP: 24/24
 24093 | Orc:2    | Found Qicili's Book Boutique.
 24182 | Orc:2    | Found Didam's Magic Scroll Emporium.
 24534 | Orc:2    | Found Wair Oghi's General Store.
 24580 | Orc:2    | Bought a scroll of teleportation for 36 gold pieces
 24580 | Orc:2    | Bought a scroll of blinking for 90 gold pieces
 25253 | Orc:2    | Bought a scroll of teleportation for 39 gold pieces
 25253 | Orc:2    | Bought a scroll of teleportation for 39 gold pieces
 25253 | Orc:2    | Bought a scroll of teleportation for 39 gold pieces
 25253 | Orc:2    | Bought a scroll of blinking for 97 gold pieces
 25380 | Swamp:1  | Entered Level 1 of the Swamp
 26556 | Swamp:2  | Reached skill level 15 in Fighting
 26798 | Swamp:2  | Reached skill level 15 in Dodging
 27459 | Swamp:3  | Noticed Donald
 27483 | Swamp:3  | Killed Donald
 27634 | Swamp:3  | Noticed Nikola
 27652 | Swamp:3  | Killed Nikola
 27849 | Swamp:4  | Entered Level 4 of the Swamp
 27899 | Swamp:4  | Reached XP level 18. HP: 84/163 MP: 25/25
 28195 | Swamp:4  | Identified the +6 quarterstaff of the Thirteen Tables
                  | {venom, rC+}
 29594 | Swamp:4  | Noticed a bone dragon
 29662 | Swamp:4  | Killed a bone dragon
 29753 | Swamp:4  | Got a decaying rune of Zot
 30059 | Spider:1 | Entered Level 1 of the Spider Nest
 31040 | Spider:1 | Upgraded the game from 0.27-a0-54-g64bdb92e38 to
                  | 0.27-a0-59-gfbafd837a3
 33580 | Spider:4 | Entered Level 4 of the Spider Nest
 33809 | Spider:4 | Noticed Kirke
 33810 | Spider:4 | Reached XP level 19. HP: 170/172 MP: 28/28
 33842 | Spider:4 | Killed Kirke
 34531 | Spider:4 | Reached skill level 15 in Short Blades
 34598 | Spider:4 | Blown up by an orb spider

Illustrated notes

Levels and vault maps discovered:
D:1:      psy_arrival_radial01, layout_loops_ring
D:2:      layout_basic, gammafunk_temple_overflow_pools,
          nicolae_gozag_cash_rules_everything_around_me
D:3:      layout_rooms, general_overflow_altar, st_stairs_2
D:4:      layout_cave_pools, gammafunk_ghost_arena
D:5:      layout_gridville, uniq_grinder
D:6:      layout_cave_pools, minmay_temple_entry_large_hall,
          grunt_dithmenos_shadows
D:7:      layout_loops_corners, serial_shops, nicolae_shop_window_shopping,
          elyvilon_altar_5
D:8:      layout_basic, serial_ice, serial_ice_e, serial_ice_k, serial_ice_m,
          serial_ice_b, kennysheep_dice
D:9:      layout_basic, lemuel_crystal_altar, serial_bayou_pond_c,
          kennysheep_doodads
D:10:     cheibrodos_wizards_tower, layout_rooms, uniq_josephine
D:11:     layout_loops_ring, due_lair_maze_entry_diamond, orc_0_dummy,
          nicolae_ru_the_path_less_chosen, uniq_maurice, uniq_fannar
D:12:     layout_stronghold, hellmonk_ghost_happy_afterlife, enter_trove_5,
          basic_altar, nrook_mini_vaults, uniq_nessos
D:13:     layout_rooms, minmay_orc_keep, uniq_jorgrun
D:14:     minmay_tile_spiral, layout_irregular_city,
          lightli_vaults_fourway_checkpoint, gauntlet_entry_generic,
          minmay_fountain_box
D:15:     gammafunk_enter_depths_forms, layout_long_grid,
          gammafunk_ghost_hydra_chop, serial_bayou_pond_d
Temple:   dpeg_five_rooms_temple
Lair:1:   layout_long_grid, infiniplex_staircase_pool, grunt_megastairs_1
Lair:2:   gammafunk_lair_enchanted_lake, layout_gridlike,
          palyth_hydra_swamp_entry, spider_nest_entry_web_field,
          beast_lair_carwin_7
Lair:3:   layout_chaotic_city, chequers_serial_rivers_small_3
Lair:4:   layout_cave_pods, st_stairs_7, fungi_pond_lemuel,
          bobbens_dragon_lair_wall
Lair:5:   mu_elephants_graveyard, layout_loops_ring, slime_altar_1,
          nicolae_quartered_pool_medium, uniq_snorg
Lair:6:   gammafunk_lair_ancient_temple, layout_regular_city,
          gammafunk_ghost_wrathful_warriors
Swamp:1:  layout_basic_swamp, evilmike_swamp_ruin_house_2
Swamp:2:  layout_basic_swamp, evilmike_swamp_ruin_rubble_1
Swamp:3:  layout_basic_swamp, serial_swamp_ruin, hangedman_swamp_ruin_wall,
          evilmike_swamp_ruin_house_3, uniq_donald, uniq_nikola
Swamp:4:  swamp_pestilence, layout_basic_swamp, swamp_pool4
Spider:1: layout_spider_delve, hive_lemuel
Spider:2: layout_spider_delve
Spider:3: layout_spider_delve
Spider:4: guppyfry_spider_rune, uniq_kirke
Orc:1:    gammafunk_beogh_shrine, layout_caves
Orc:2:    st_orc_open, layout_caves, basic_altar

Skill      XL: |  1  2  3  4  5  6  7  8  9 10 11 12 13 14 15 16 17 18 19 |
---------------+----------------------------------------------------------+-----
Throwing       | 2 3 |  3.4
Fighting       | 3 4 5 6 7 8 9 10 12 13 14 15 16 | 16.1
Dodging        | 3 4 5 6 8 9 10 11 13 14 15 16 | 16.0
Long Blades    | 4 5 6 |  6.3
Armour         | 1 3 4 6 7 9 10 11 12 13 14 | 14.4
Stealth        | 1 3 4 5 |  5.0
Short Blades   | 3 5 7 8 9 11 12 13 14 15 | 15.0
Hexes          | 3 4 5 6 7 |  7.1
Evocations     | 2 4 5 |  5.0
Spellcasting   | 2 3 4 5 6 |  6.3

Action                   |  1- 3 |  4- 6 |  7- 9 | 10-12 | 13-15 | 16-18 | 19-21 || total
-------------------------+-------+-------+-------+-------+-------+-------+-------++-------
Melee: Long sword        |    87 |       |       |       |       |       |       ||    87
       Short sword       |    14 |   128 |   129 |       |       |       |       ||   271
       Pair of quick bla |       |       |   143 |   587 |  1714 |  2601 |   228 ||  5273
Throw: Throwing net      |       |       |     1 |     8 |     3 |     3 |       ||    15
 Cast: Confusing Touch   |       |       |       |       |     1 |       |       ||     1
Invok: Curse Item        |       |       |     1 |       |       |       |       ||     1
Evoke: Wand              |       |       |       |     3 |     4 |     1 |       ||     8
  Use: Scroll            |     2 |     4 |    12 |    10 |     6 |     4 |       ||    38
       Potion            |       |       |       |     1 |     3 |     1 |       ||     5
 Stab: Sleeping          |     1 |       |       |       |     6 |     5 |       ||    12
       Paralysed         |       |       |       |     2 |       |       |       ||     2
       Held in net/web   |       |       |       |       |     7 |     2 |       ||     9
       Petrified         |       |       |       |       |     2 |       |       ||     2
Armor: Leather armour    |    26 |       |       |       |       |       |       ||    26
       Scale mail        |     8 |    60 |    53 |    96 |    17 |       |       ||   234
       Quicksilver drago |       |       |       |       |   345 |   208 |       ||   553
       Plate armour      |       |       |       |       |       |   531 |   116 ||   647
Dodge: Dodged            |    65 |    76 |    89 |   202 |   930 |  1375 |   130 ||  2867
       Repelled          |       |       |       |       |     1 |       |       ||     1
Block: Other             |    18 |    35 |    41 |    39 |       |       |       ||   133
       Reflection        |     1 |     1 |     2 |     2 |       |       |       ||     6
       Kite shield       |       |       |    12 |       |       |       |       ||    12
       Rpst.: Long sword |    21 |       |       |       |       |       |       ||    21

Table legend: (Time is in decaauts)
 A = Elapsed time spent in this place.
 B = Non-inter-level travel time spent in this place.
 C = Inter-level travel time spent in this place.
 D = Time resting spent in this place.
 E = Time spent auto-exploring this place.
 F = Levels seen in this place.
 G = Mean time per level.
                   A        B        C        D        E       F      G
               +--------+--------+--------+--------+--------+-----+--------+
         Total |  31100 |  28689 |   2411 |   6292 |  16321 |  33 |  942.4 |
       Dungeon |  14313 |  13044 |   1269 |   2163 |   8153 |  15 |  954.2 |
        Temple |    185 |    109 |     76 |      0 |    102 |   1 |  185.0 |
          Lair |   7214 |   6650 |    564 |   1778 |   3542 |   6 | 1202.3 |
         Swamp |   3594 |   3438 |    156 |   1005 |   1744 |   4 |  898.5 |
   Spider Nest |   3859 |   3619 |    240 |   1023 |   1828 |   4 |  964.8 |
  Orcish Mines |   1661 |   1556 |    105 |    293 |    856 |   2 |  830.5 |
      Gauntlet |    271 |    271 |      0 |     30 |     96 |   1 |  271.0 |
               +--------+--------+--------+--------+--------+-----+--------+

Top non-repeatable levels by time:
  Lair:2: 2180 daAuts
  Lair:6: 1547 daAuts
 Swamp:4: 1509 daAuts
Spider:1: 1474 daAuts
    D:14: 1339 daAuts
     D:7: 1190 daAuts
    D:15: 1176 daAuts
     D:5: 1144 daAuts
     D:9: 1122 daAuts
   Orc:2: 1102 daAuts
     D:1: 1034 daAuts
    D:13: 1023 daAuts
  Lair:4: 967 daAuts
    D:11: 955 daAuts
Spider:2: 949 daAuts
